 Dungeon Crawl Stone Soup version 0.28-a0-883-gc8d7bad45d (webtiles) character file.

Game seed: 7275450063468089465

56 orbtoucher the Digger (level 3, -2/28 HPs)
             Began as a Ghoul Earth Elementalist on Nov 22, 2021.
             Slain by Natasha (4 damage)
             ... on level 2 of the Dungeon.
             The game lasted 00:05:52 (1889 turns).

orbtoucher the Digger (Ghoul Earth Elementalist)    Turns: 1889, Time: 00:05:53

Health: -2/28      AC:  2    Str: 11    XL:     3   Next: 97%
Magic:  5/5        EV: 12    Int: 11    God:
Gold:   87         SH:  0    Dex:  9    Spells: 0/6 levels left

rFire   . . .      SeeInvis .   (no weapon)
rCold   + . .      Faith    .   (no shield)
rNeg    + + +      Spirit   .   b - +0 robe
rPois   ∞          Reflect  .   (no helmet)
rElec   .          Harm     .   (no cloak)
rCorr   .          Rampage  .   (no gloves)
Will    .....                   (no boots)
Stlth   ++........              (no amulet)
HPRegen 0.00/turn               (no ring)
MPRegen 0.09/turn               (no ring)

@: inhibited regen
A: claws 1, cold resistance 1, negative energy resistance 3, inhibited
regeneration, torment resistance 2
a: no special abilities


You were on level 2 of the Dungeon.
You visited 1 branch of the dungeon, and saw 2 of its levels.

You collected 87 gold pieces.

Inventory:

Hand Weapons
 a - a +0 spear
 d - a +0 dagger
Armour
 b - a +0 robe (worn)
Scrolls
 e - 2 scrolls of teleportation {unknown}
 f - a scroll of identify {unknown}
Potions
 c - a potion of lignification {unknown}
 g - a potion of haste {unknown}
 h - a potion of flight {unknown}


   Skills:
 + Level 1.2 Fighting
 - Level 2.0 Dodging
 - Level 2.1 Stealth
 + Level 2.1 Spellcasting
 + Level 0.3 Conjurations
 + Level 1.4 Transmutations
 * Level 4.0 Earth Magic


You couldn't memorise any spells.
You knew the following spells:

 Your Spells              Type           Power      Damage    Failure   Level
a - Sandblast             Erth           20%        2d7       5%          1
b - Stone Arrow           Conj/Erth      12%        3d7       34%         3
w - Passwall              Tmut/Erth      5%         N/A       14%         2

Your spell library contained the following spells:

 Spells                   Type           Power      Damage    Failure   Level
 Summon Guardian Golem    Hex/Summ       1%         N/A       65%         3
 Petrify                  Tmut/Erth      7%         N/A       65%         4
 Monstrous Menagerie      Summ           0%         N/A       100%        7
 Summon Hydra             Summ           0%         N/A       100%        7


Dungeon Overview and Level Annotations

Branches:
Dungeon (2/15)

Altars:

Annotations:
D:2 Natasha


Innate Abilities, Weirdness & Mutations

You thrive by killing the living.
You are immune to poison.
You have sharp fingernails.
Your flesh is cold resistant. (rC+)
You are immune to negative energy. (rN+++)
You do not regenerate when monsters are visible.
You are immune to unholy pain and torment.


Message History

Natasha wildly gestures.
Natasha glows brightly for a moment.
The adder bites you. The crimson imp spits at you.
You scratch the adder.
The adder is almost dead.
The adder misses you.
You closely miss the adder.
The adder is almost dead.
The adder bites you but does no damage.
Natasha mumbles some strange words.
The crimson imp shouts, "Slither away, thou artless shard-borne dandiprat!"
The crimson imp blinks!
You scratch the adder.
You kill the adder!
Natasha casts a spell at you. The magic dart hits you!
* * * LOW HITPOINT WARNING * * *
Natasha barely misses you.
You see here an adder corpse.
You scratch Natasha.
Natasha is lightly wounded.
Natasha barely misses you.
You barely miss Natasha.
Natasha is lightly wounded.
Natasha claws you.
* * * LOW HITPOINT WARNING * * *
You scratch Natasha.
Natasha is moderately wounded.
Natasha howls an incantation.
Natasha glows brightly for a moment.
Natasha casts a spell.
You scratch Natasha.
Natasha is moderately wounded.
Natasha misses you.
You scratch Natasha.
Natasha is heavily wounded.
The crimson imp disappears in a puff of smoke!
Natasha claws you.
You die...

###.##.## ##.......#
........###.#..##.##
###)##...#..#.#....#
#
#†##...............
#
#.##.#....#...5####
# #.##.#.#.....#§# #
#.##..###....#5# #
#.####.#....##h# #
#...........##@# #
######....####.# #
#....#.# #.# #
#.####.# #.# #.# #.#
#.# #.# #.# #.# #.#
#.# #.# #.# #.# #.#
#.# #.####.#


You could see an iron imp (summoned), Natasha and a shadow imp (summoned).

Vanquished Creatures
  2 adders (D:2)
  2 dart slugs (D:1)
  3 ball pythons
  3 endoplasms (D:1)
  A giant cockroach (D:1)
  2 goblins (D:1)
  3 hobgoblins (D:1)
  7 kobolds
  2 quokkas (D:1)
  2 bats
  3 frilled lizards
  4 rats (D:1)
34 creatures vanquished.

Notes
Turn   | Place    | Note
-------+----------+-------------------------------------------
     0 | D:1      | orbtoucher the Ghoul Earth Elementalist began the quest for
                  | the Orb.
     0 | D:1      | Reached XP level 1. HP: 14/14 MP: 2/2
   120 | D:1      | Got the Guide on the Entourage
   204 | D:1      | Reached skill level 1 in Transmutations
   228 | D:1      | Reached XP level 2. HP: 22/22 MP: 1/3
   298 | D:1      | Learned a level 2 spell: Passwall
   572 | D:1      | Reached XP level 3. HP: 7/27 MP: 1/5
   880 | D:1      | Found a faded altar of an unknown god.
   908 | D:1      | Reached skill level 1 in Fighting
  1305 | D:2      | Learned a level 3 spell: Stone Arrow
  1651 | D:2      | Reached skill level 4 in Earth Magic
  1761 | D:2      | Noticed Natasha
  1889 | D:2      | Slain by Natasha

Illustrated notes

Levels and vault maps discovered:
D:1:      dpeg_chamrin_arrival_tetris, layout_basic,
          hellmonk_ecumenical_altar_zigzags, minmay_indecisive_spiral
D:2:      layout_loops_ring, st_stairs_5, uniq_natasha

Skill      XL: |  1  2  3 |
---------------+----------+-----
Transmutations | 1 |  1.4
Dodging        | 2 |  2.0
Spellcasting   | 2 |  2.1
Fighting       | 1 |  1.2
Earth Magic    | 4 |  4.0
Stealth        | |  2.1
Conjurations   | |  0.3

Action                   || total
-------------------------++-------
Melee: Unarmed           ||    74
 Cast: Sandblast         ||    36
Armor: Robe              ||    21
Dodge: Dodged            ||    42

Table legend: (Time is in decaauts)
 A = Elapsed time spent in this place.
 B = Non-inter-level travel time spent in this place.
 C = Inter-level travel time spent in this place.
 D = Time resting spent in this place.
 E = Time spent auto-exploring this place.
 F = Levels seen in this place.
 G = Mean time per level.
                   A        B        C        D        E       F      G
               +--------+--------+--------+--------+--------+-----+--------+
         Total |   1888 |   1878 |     10 |    910 |    671 |   2 |  944.0 |
       Dungeon |   1888 |   1878 |     10 |    910 |    671 |   2 |  944.0 |
               +--------+--------+--------+--------+--------+-----+--------+

Top non-repeatable levels by time:
     D:1: 1250 daAuts
     D:2: 638 daAuts
